 Dungeon Crawl Stone Soup version 0.20-a0-680-g5c496f5 (webtiles) character file.

56 Espgualade the Skirmisher (level 3, -2/26 HPs)
             Began as an Octopode Ice Elementalist on Feb 18, 2017.
             Slain by a gnoll
             ... wielding a +0 halberd
              (8 damage)
             ... on level 2 of the Dungeon.
             The game lasted 00:04:33 (2169 turns).

Espgualade the Skirmisher (OpIE)                    Turns: 2169, Time: 00:04:34

Health: -2/26      AC:  1    Str:  7    XL:     3   Next: 97%
Magic:  4/6        EV: 13    Int: 18    God:
Gold:   92         SH:  0    Dex: 12    Spells: 5/6 levels left

rFire    . . .     SeeInvis .   c - +0 dagger
rCold    . . .     Gourm    .   (no shield)
rNeg     . . .     Faith    .   (helmet restricted)
rPois    .         Spirit   .   (no amulet)
rElec    .         Reflect  .   e - ring of stealth
rCorr    .         Harm     .   (no ring)
MR       .....                  (no ring)
Stlth    ++++......             (no ring)
Regen    0.1/turn               (no ring)
MPRegen  0.1/turn               (no ring)
                                (no ring)
                                (no ring)

@: flying, very slightly contaminated
A: almost no armour, stealthy swim, amphibious, 8 rings, constrict 8, camouflage
1, gelatinous body 1
a: no special abilities


You were on level 2 of the Dungeon.
You were not hungry.

You visited 1 branch of the dungeon, and saw 2 of its levels.

You collected 92 gold pieces.

Inventory:

Hand Weapons
 c - a +0 dagger (weapon)
Jewellery
 e - a ring of stealth (left tentacle)
Scrolls
 f - a scroll of recharging {unknown}
 h - a scroll of enchant weapon {unknown}
 l - a scroll of enchant armour {unknown}
 m - a scroll of identify {unknown}
 n - 2 scrolls of remove curse {unknown}
 p - a scroll of immolation {unknown}
Potions
 g - a potion of haste {unknown}
 i - a potion of ambrosia {unknown}
 j - a potion of heal wounds {unknown}
 o - a potion of agility {unknown}
Books
 a - a book of Frost

   Spells                             Type                      Level
   a - Freeze                         Ice                          1
   b - Throw Frost                    Conjuration/Ice              2
   c - Ozocubu's Armour               Charms/Ice                   3
   d - Throw Icicle                   Conjuration/Ice              4
   e - Summon Ice Beast               Ice/Summoning                4
 q - a book of Power

   Spells                             Type                      Level
   a - Iskenderun's Battlesphere      Conjuration/Charms           5
   b - Venom Bolt                     Conjuration/Poison           5
   c - Bolt of Magma                  Conjuration/Fire/Earth       5
   d - Iron Shot                      Conjuration/Earth            6
   e - Orb of Destruction             Conjuration                  7
   f - Spellforged Servitor           Conjuration/Summoning        7
Comestibles
 b - a bread ration
 k - a meat ration


   Skills:
 * Level 3.4 Fighting
 - Level 2.0 Dodging
 - Level 2.6 Stealth
 - Level 2.0 Spellcasting
   Level 1.0 Conjurations
 - Level 3.0 Ice Magic


You had 5 spell levels left.
You knew the following spells:

 Your Spells              Type           Power        Failure   Level  Hunger
a - Freeze                Ice            ##..         6%          1    #......


Dungeon Overview and Level Annotations

Branches:
Dungeon (2/15)

Altars:


Innate Abilities, Weirdness & Mutations

You cannot wear most types of armour.
You are very stealthy in the water. (Stealth+)
You are amphibious.
You can wear up to eight rings at the same time.
You can use your tentacles to constrict eight enemies at once.
Your skin changes colour to match your surroundings (Stealth+).
Your rubbery body absorbs attacks. (AC +1, EV +1)


Message History

Confirm with . or Enter, or press ? or * to list all spells.
Aiming: Freeze
Press: ? - help, Shift-Dir - straight line, f - gnoll
Aim: a gnoll, wielding a halberd You miscast Freeze.
You are very lightly contaminated with residual magic.
Wisps of condensation drift from your tentacles.
The gnoll closely misses you.
It was a potion of flight.
You feel very buoyant.
You fly up into the air.
Casting: Freeze
Confirm with . or Enter, or press ? or * to list all spells.
Aiming: Freeze
Press: ? - help, Shift-Dir - straight line, f/p - gnoll
Aim: a gnoll, wielding a halberd You freeze the gnoll.
The gnoll is lightly wounded.
The gnoll hits you with a halberd!
You die...

#..........#'###.#####.##....
#..............#........#....
#####..............#######<##....
...........................##....
....................#####.###....
.....####'###.......# #........
.....# #.# #.......# #########.
.....# #.###.......# #.........
.....####.#.....@.#.####.########
..........#.#####g#..รท..........#
###########.#####.######.######.#
#....#.##....# #.# #.#
#....#'##g#### #.# #.#
####.........#########.# #.#
#...........g#.......#.# #.#
#............'.......'.# #.#
#....####'####.......##### #.#


You could see a gnoll.

Vanquished Creatures
  An adder (D:2)
  3 worms (D:2)
  2 dart slugs
  3 goblins
  2 hobgoblins (D:1)
  4 jackals
  6 bats
  4 frilled lizards
  7 kobolds
  3 rats
35 creatures vanquished.

Vanquished Creatures (others)
  A leopard gecko (D:1)
  A bat (D:1)
2 creatures vanquished.

Grand Total: 37 creatures vanquished

Notes
Turn   | Place    | Note
-------+----------+-------------------------------------------
     0 | D:1      | Espgualade the Octopode Ice Elementalist began the quest for the Orb.
     0 | D:1      | Reached XP level 1. HP: 11/11 MP: 3/3
   187 | D:1      | Reached skill level 1 in Fighting
   233 | D:1      | Reached XP level 2. HP: 13/18 MP: 5/5
   850 | D:1      | You fall through a shaft!
  1262 | D:2      | Reached XP level 3. HP: 14/25 MP: 4/6
  2169 | D:2      | Slain by a gnoll

Vault maps used:
D:1:      minmay_arrival_widening_spiral_narrow, corexii_hall_statues_deadend,
          lemuel_flame_loot_1

Skill      XL: |  1  2  3 |
---------------+----------+-----
Fighting       | 1 2 3 |  3.4
Dodging        | |  2.0
Stealth        | |  2.6
Spellcasting   | |  2.0
Conjurations   | |  1.0
Ice Magic      | |  3.0

Action                   || total
-------------------------++-------
Melee: Dagger            ||    86
       Constrict         ||    17
       Tentacles         ||    10
       Unarmed           ||     2
 Cast: Freeze            ||     9
  Use: Potion            ||     1
 Stab: Sleeping          ||    14
       Distracted        ||     1
  Eat: Chunk             ||     4
Armor: Skin              ||    14
Dodge: Dodged            ||    54
